 Dungeon Crawl Stone Soup version 0.28.0-43-g3370ac3207 (webtiles) character file.

Game seed: 12464403561529375768

974 RascalDebosk the Chopper (level 8, 0/71 HPs)
             Began as a Hill Orc Monk on Mar 14, 2022.
             Was a Believer of Beogh.
             Succumbed to a killer bee's poison
             ... on level 6 of the Dungeon.
             The game lasted 00:42:49 (5886 turns).

RascalDebosk the Chopper (Hill Orc Monk)            Turns: 5886, Time: 00:42:50

Health: 0/71       AC: 10    Str: 16    XL:     8   Next: 16%
Magic:  2/12       EV:  7    Int: 14    God:    Beogh [**....]
Gold:   195        SH:  0    Dex: 13    Spells: 7/7 levels left

rFire   . . .      SeeInvis .   p - +5 mace of the Hero {vorpal, Int+4}
rCold   . . .      Faith    .   (no shield)
rNeg    . . .      Spirit   +   l - +1 chain mail
rPois   .          Reflect  .   (no helmet)
rElec   .          Harm     .   (no cloak)
rCorr   .          Rampage  .   (no gloves)
Will    .....                   (no boots)
Stlth   ..........              q - amulet of guardian spirit
HPRegen 0.21/turn               (no ring)
MPRegen 0.13/turn               (no ring)

@: lethally poisoned (0 -> -3)
A: no striking features
a: Renounce Religion, Smiting


You were on level 6 of the Dungeon.
You worshipped Beogh.
Beogh was pleased with you.
You visited 2 branches of the dungeon, and saw 7 of its levels.

You collected 195 gold pieces.

Inventory:

Hand Weapons
 a - a +0 hand axe
 h - a +0 war axe
 k - a +1 dagger of draining
 p - the +5 mace of the Hero (weapon) {vorpal, Int+4}
   (You found it on level 2 of the Dungeon)

   It inflicts extra damage upon your enemies.
   Int:       It affects your intelligence (+4).
Missiles
 b - 4 boomerangs
 f - 2 throwing nets
 j - 88 stones (quivered)
Armour
 c - a +1 ring mail
 l - a +1 chain mail (worn)
Jewellery
 q - an amulet of guardian spirit (around neck)
Wands
 r - a wand of charming (13)
 u - a wand of iceblast (4)
Scrolls
 e - 3 scrolls of teleportation
 m - a scroll of amnesia
 t - a scroll of identify
Potions
 d - a potion of cancellation
 g - a potion of heal wounds {unknown}
 n - a potion of brilliance {unknown}
 o - 2 potions of mutation
 s - 2 potions of lignification


   Skills:
 + Level 6.5 Fighting
 + Level 7.2 Axes
 + Level 4.8 Armour
 - Level 2.4 Dodging
 - Level 1.5 Stealth
 + Level 5.7 Invocations


You had 7 spell levels left.
You didn't know any spells.
Your spell library contained the following spells:

 Spells                   Type           Power      Damage    Failure   Level
 Magic Dart               Conj           0%         1d3       99%         1
 Pain                     Necr           0%         1d4       99%         1
 Call Imp                 Summ           0%         N/A       100%        2
 Sublimation of Blood     Necr           0%         N/A       100%        2
 Wereblood                Tmut           0%         N/A       100%        2
 Ignite Poison            Fire/Tmut/Pois 0%         N/A       100%        3
 Mephitic Cloud           Conj/Pois/Air  0%         N/A       100%        3
 Freezing Cloud           Conj/Ice/Air   0%         6-21      100%        5
 Summon Hydra             Summ           0%         N/A       100%        7


Dungeon Overview and Level Annotations

Branches:
Dungeon (6/15)             Temple (1/1) D:4

Altars:
Cheibriados
Dithmenos
Elyvilon
Kikubaaqudgha
Makhleb
Nemelex Xobeh
Qazlal
Sif Muna
Wu Jian
Xom
Yredelemnul
Zin
The Shining One

Shops:
D:6 =

Annotations:
D:3 3 runed translucent doors, jimonade's ghost, amateur GnWn; safid's ghost, amateur HOFi
D:4 2 transporters


Message History

The killer bee stings you.
You are more poisoned.
The killer bee poisons you!
The killer bee stings you but does no damage.
The killer bee stings you.
You feel very sick.
The killer bee stings you but does no damage.
You feel sick.
You feel sick.
You feel sick.
You feel sick.
The killer bee stings you but does no damage.
You feel sick.
You feel sick.
The killer bee stings you but does no damage.
The killer bee stings you.
* * * LOW HITPOINT WARNING * * *
The killer bee stings you.
* * * LOW HITPOINT WARNING * * *
You feel sick. The killer bee stings you.
* * * LOW HITPOINT WARNING * * *
The killer bee barely misses you.
You feel better. The killer bee barely misses you.
The killer bee stings you but does no damage.
The killer bee stings you!
* * * LOW HITPOINT WARNING * * *
You are poisoned.
The killer bee poisons you!
The killer bee stings you but does no damage.
The killer bee barely misses you. The killer bee stings you.
* * * LOW HITPOINT WARNING * * *
* * * LOW HITPOINT WARNING * * *
You feel sick. The killer bee barely misses you.
The killer bee closely misses you.
* * * LOW HITPOINT WARNING * * *
You feel sick. The killer bee barely misses you.
* * * LOW HITPOINT WARNING * * *
You feel sick. The killer bee barely misses you.
A scorpion comes into view.
You die...

##. ###.##.#.# #
#........#
#####..### #
#..# #s ##.# #..
##.#### #...
#.....#
#....#####.....#
#.....@.yyy....#
##########..####
# #.....# ..#
#..######.(.[#
#..#yy..y5...#
#..#.####y..##
#....# #..
##+###


You could see a scorpion (asleep) and 3 killer bees.

Vanquished Creatures
  Eustachio (D:4)
  A water moccasin (D:5)
  An ogre (D:5)
  A scorpion (D:5)
  A water moccasin zombie (D:5)
  A water moccasin skeleton (D:4)
  2 killer bees (D:6)
  A centaur zombie (D:5)
  A hound (D:5)
  A bullfrog zombie (D:5)
  An iguana (D:5)
  2 scorpion zombies (D:3)
  An orc wizard (D:5)
  A hound zombie (D:5)
  Robin (D:2)
  8 gnolls
  3 adders
  An adder zombie (D:3)
  A worm (D:3)
  4 dart slugs
  15 orcs
  5 ball pythons
  3 bats
  5 endoplasms
  5 giant cockroaches
  11 goblins (D:2)
  5 hobgoblins
  6 kobolds
  2 quokkas (D:2)
  A frilled lizard (D:1)
  4 rats (D:1)
96 creatures vanquished.

Vanquished Creatures (others)
  An orc priest (D:5)
  4 orcs (D:5)
  2 fungi (D:1)
  4 plants (D:1)
  5 withered plants (D:3)
16 creatures vanquished.

Grand Total: 112 creatures vanquished

Notes
Turn   | Place    | Note
-------+----------+-------------------------------------------
     0 | D:1      | RascalDebosk the Hill Orc Monk began the quest for the Orb.
     0 | D:1      | Reached XP level 1. HP: 19/19 MP: 1/1
   191 | D:1      | Reached XP level 2. HP: 27/27 MP: 2/2
   238 | D:1      | Reached skill level 1 in Invocations
   385 | D:1      | Reached skill level 1 in Armour
   484 | D:1      | Found a faded altar of an unknown god.
   490 | D:1      | Got Plato's Almanac of Evil
   506 | D:1      | Reached XP level 3. HP: 23/33 MP: 2/4
   792 | D:2      | Noticed Robin
   808 | D:2      | Killed Robin
  1249 | D:2      | Reached XP level 4. HP: 34/40 MP: 5/5
  1590 | D:2      | Identified the +5 mace of the Hero {vorpal, Int+4}
  1923 | D:3      | Found a basalt altar of Yredelemnul.
  1934 | D:3      | Reached skill level 5 in Axes
  1934 | D:3      | Reached XP level 5. HP: 31/47 MP: 5/7
  2274 | D:3      | Found a runed translucent gate.
  2275 | D:3      | Found a runed translucent gate.
  2276 | D:3      | Found a runed translucent gate.
  2279 | D:3      | Noticed jimonade's ghost (amateur GnWn)
  2279 | D:3      | Noticed safid's ghost (amateur HOFi)
  2750 | D:4      | Found a staircase to the Ecumenical Temple.
  2784 | Temple   | Entered the Ecumenical Temple
  3124 | D:4      | Found a transporter.
  3254 | D:4      | Found a transporter.
  3256 | D:4      | Noticed an ice beast
  3256 | D:4      | Noticed an ice beast
  3257 | D:4      | Noticed an ice beast
  3517 | D:3      | Reached skill level 5 in Fighting
  3517 | D:3      | Reached XP level 6. HP: 38/56 MP: 5/8
  3987 | D:4      | Noticed Eustachio
  4030 | D:4      | Killed Eustachio
  4031 | D:4      | Reached skill level 6 in Axes
  4578 | D:4      | Reached XP level 7. HP: 28/61 MP: 5/10
  4930 | D:4      | Found a white marble altar of Elyvilon.
  5052 | D:5      | Entered Level 5 of the Dungeon
  5144 | D:5      | Became a worshipper of Beogh the Brigand
  5144 | D:5      | Reached * piety under Beogh
  5144 | D:5      | Reached ** piety under Beogh
  5146 | D:5      | Identified the +0 flail of Tiunk {vorpal, Dex+4}
  5307 | D:5      | Reached skill level 5 in Invocations
  5655 | D:5      | Reached skill level 7 in Axes
  5655 | D:5      | Reached XP level 8. HP: 67/71 MP: 10/12
  5728 | D:6      | Found Hoonyaj's Jewellery Shoppe.
  5884 | D:6      | HP: 2/71 [poisoned by a killer bee]
  5886 | D:6      | Succumbed to a killer bee's poison

Illustrated notes

Levels and vault maps discovered:
D:1:      lemuel_arrival_muddy, layout_loops_ring,
          shapermc_ecumenical_altar_rom_forum
D:2:      layout_loops_cross, minmay_pentomino_t2, uniq_robin,
          uniq_crazy_yiuf_cottage
D:3:      layout_loops_ring, nicolae_yredelemnul_corpse_copse,
          gammafunk_ghost_cemetery, kennysheep_generic_room_11
D:4:      gammafunk_cloud_chamber, layout_layer_cave,
          mainiacjoe_overflow_brackets, minmay_temple_entry_statues_pillars,
          uniq_eustachio
D:5:      layout_rooms
D:6:      layout_basic, serial_shops, shop, uniq_pikel
Temple:   jpeg_temple_clearing

Skill      XL: |  1  2  3  4  5  6  7 |
---------------+----------------------+-----
Invocations    | 1 2 3 4 5 |  5.7
Armour         | 1 2 3 4 |  4.8
Fighting       | 4 5 6 |  6.5
Axes           | 5 6 7 |  7.2
Dodging        | |  2.4
Stealth        | |  1.5

Action                   |  1- 3 |  4- 6 |  7- 9 || total
-------------------------+-------+-------+-------++-------
Melee: Hand axe          |    61 |       |       ||    61
       War axe           |    42 |    22 |       ||    64
       Punch             |     1 |     1 |       ||     2
       Mace              |       |    95 |    89 ||   184
Throw: Stone             |     3 |       |       ||     3
Invok: Convert to Beogh  |       |       |     1 ||     1
  Use: Scroll            |       |    11 |       ||    11
       Potion            |       |       |     2 ||     2
Armor: Ring mail         |    34 |    45 |       ||    79
       Chain mail        |       |     4 |    61 ||    65
Dodge: Dodged            |    41 |    89 |    52 ||   182
